 Dungeon Crawl Stone Soup version 0.31-a0-210-gccc998df9b (webtiles) character file.

Game seed: 1512457273530192605

634 Strat the Ruffian (level 7, -5/67 HPs)
             Began as a Troll Berserker on June 30, 2023.
             Was a Believer of Trog.
             Slain by a gnoll
             ... wielding a +0 halberd
             ... led by a gnoll sergeant
              (7 damage)
             ... on level 5 of the Dungeon.
             The game lasted 00:07:12 (2624 turns).

Strat the Ruffian (Troll Berserker)                 Turns: 2624, Time: 00:07:13

Health: -5/67      AC:  4    Str: 26    XL:     7   Next: 25%
Magic:  6/6        EV: 10    Int:  5    God:    Trog [**....]
Gold:   70         SH:  0    Dex:  9    Spells: 6/6 levels left

rFire   . .          .
                       - Unarmed
rCold   . . .        (no shield)
rNeg    . . .        a - +0 animal skin
rPois   .            (helmet restricted)
rElec   .            (no cloak)
rCorr   .            (gloves unavailable)
SInv    .            (boots unavailable)
Will    .....        (no amulet)
Stlth   +            (no ring)
HPRegen 1.11/turn    (no ring)
MPRegen 0.10/turn

%: no passive effects
@: mighty, on berserk cooldown, slowed, studying Stealth, very slow
A: large, unfitting armour, claws 3, regeneration 1, shaggy fur 1, tough skin 1
a: Renounce Religion, Berserk, Trog's Hand


You were on level 5 of the Dungeon.
You worshipped Trog.
Trog was pleased with you.
You visited 1 branch of the dungeon, and saw 5 of its levels.

You collected 140 gold pieces.
You spent 70 gold pieces at shops.

Inventory:

Armour
 a - a +0 animal skin (worn)
 i - an orb of light
Wands
 h - a wand of charming (7)
 k - a wand of polymorph (10)
Scrolls
 b - a scroll of brand weapon {unknown}
 e - a scroll of identify
 f - a scroll of enchant armour {unknown}
Potions
 c - a potion of lignification
 d - a potion of mutation
 l - 2 potions of haste {unknown}
 o - 2 potions of curing


   Skills:
 + Level 3.4 Fighting
 + Level 3.4 Dodging
 * Level 7.3 Unarmed Combat


You had 6 spell levels left.
You didn't know any spells.
Your spell library was empty.

Dungeon Overview and Level Annotations

Branches:
Dungeon (5/15)             Temple (0/1) D:5

Altars:
Cheibriados
Kikubaaqudgha

Shops:
D:3 !

Annotations:
D:5 Ijyb, Menkaure


Innate Abilities, Weirdness & Mutations

You are too large for most types of armour.
You have claws for hands.
Your natural rate of healing is unusually fast.
You are covered in fur. (AC +1)
You have tough skin. (AC +1)


Message History

* * * LOW HITPOINT WARNING * * *
The gnoll hits you with a +0 whip.
* * * LOW HITPOINT WARNING * * *
Ijyb zaps a wand.
You resist with some effort.
You feel much better. Ijyb hits you with a +0 club.
The gnoll barely misses you. The gnoll hits you with a +0 spear!
The gnoll barely misses you. Ijyb hits you with a +0 club.
The gnoll hits you from afar with a +0 halberd!
* * * LOW HITPOINT WARNING * * *
The gnoll hits you with a +0 spear.
* * * LOW HITPOINT WARNING * * *
The gnoll closely misses you.
You bump into the rock wall.
You feel less confused. The gnoll hits you with a +0 spear.
* * * LOW HITPOINT WARNING * * *
The gnoll hits you but does no damage. The gnoll barely misses you.
Ijyb barely misses you. Ijyb attacks as you move away!
Ijyb hits you with a +0 club.
* * * LOW HITPOINT WARNING * * *
The gnoll closely misses you. x3; The gnoll hits you but does no damage.
Items here: )) [[ †.
You feel very mighty all of a sudden. The gnoll hits you with a +0 whip.
* * * LOW HITPOINT WARNING * * *
The gnoll hits you from afar with a +0 halberd!
* * * LOW HITPOINT WARNING * * *
The gnoll closely misses you. The gnoll hits you with a +0 whip.
* * * LOW HITPOINT WARNING * * *
You barely miss the gnoll.
The gnoll is heavily wounded.
The gnoll barely misses you.
The gnoll hits you from afar with a +0 halberd!
* * * LOW HITPOINT WARNING * * *
You barely miss the gnoll.
The gnoll is heavily wounded.
The gnoll hits you with a +0 whip.
* * * LOW HITPOINT WARNING * * *
The gnoll hits you from afar with a +0 halberd!
You die...

.. #......#. #....M.
...#.....#.# ##
#..##.. #g.....#.#..#
##.###.. .
##.....#.#.# #...#...
...#.###.#...#
#........
#....)##...#
...#......
#.....g#...#
...###....
#....g#g#.#.#
........ ##
#......#@#.# ........
..###.....#.#.#
........
..#.###.#...#...#
........
#.....##...#...#
.#...... ..
#......#...#...#
#...... ##
...#.....#.#.#.#.#.#
#...... #.###
#......#.#.#.#.#.#
........
#...###.....#.#.#.#.#
# ........
#....#.###.#...#...#.
o$##....


You could see 2 gnolls.

Vanquished Creatures
  Edmund (D:4)
  An ogre (D:3)
  Blork the orc (D:4)
  A gnoll sergeant (D:5)
  A scorpion (D:4)
  A hound (D:4)
  An orc priest (D:5)
  Terence (D:3)
  2 orc wizards (D:5)
  A gnoll (D:4)
  3 adders
  4 worms
  2 dart slugs (D:1)
  4 orcs
  8 ball pythons
  6 endoplasms
  4 giant cockroaches
  6 goblins
  5 hobgoblins
  4 jackals (D:3)
  5 kobolds (D:1)
  5 quokkas
  6 bats
  2 frilled lizards
  5 rats
80 creatures vanquished.

Notes
Turn   | Place    | Note
-------+----------+-------------------------------------------
     0 | D:1      | Strat the Troll Berserker began the quest for the Orb.
     0 | D:1      | Reached XP level 1. HP: 22/22 MP: 0/0
   142 | D:1      | Reached XP level 2. HP: 29/29 MP: 1/1
   265 | D:1      | Reached skill level 4 in Unarmed Combat
   494 | D:1      | Reached ** piety under Trog
   714 | D:1      | Reached XP level 3. HP: 33/36 MP: 2/2
  1461 | D:3      | Noticed an ogre
  1517 | D:2      | Reached XP level 4. HP: 19/44 MP: 3/3
  1584 | D:3      | Killed an ogre
  1585 | D:3      | Reached skill level 5 in Unarmed Combat
  1585 | D:3      | Reached XP level 5. HP: 40/50 MP: 4/4
  1622 | D:3      | Noticed Terence
  1637 | D:3      | Killed Terence
  1638 | D:3      | Reached skill level 6 in Unarmed Combat
  1706 | D:3      | Found Kodduddu's Distillery.
  1714 | D:3      | Bought a potion of curing for 30 gold pieces
  1714 | D:3      | Bought a potion of might for 40 gold pieces
  2027 | D:4      | Found an ancient bone altar of Kikubaaqudgha.
  2043 | D:4      | Reached XP level 6. HP: 48/59 MP: 5/5
  2081 | D:4      | Noticed Blork the orc
  2109 | D:4      | Killed Blork the orc
  2146 | D:4      | Noticed Edmund
  2155 | D:4      | Killed Edmund
  2156 | D:4      | Reached skill level 7 in Unarmed Combat
  2413 | D:4      | Found a snail-covered altar of Cheibriados.
  2449 | D:5      | Entered Level 5 of the Dungeon
  2479 | D:5      | Found a staircase to the Ecumenical Temple.
  2483 | D:5      | Noticed Menkaure
  2578 | D:5      | Reached XP level 7. HP: 54/67 MP: 6/6
  2587 | D:5      | Noticed Ijyb
  2616 | D:5      | HP: 1/67 [Ijyb/+0 club (4)]
  2623 | D:5      | HP: 2/67 [gnoll/+0 halberd[a gnoll sergeant] (11)]
  2624 | D:5      | Slain by a gnoll

Illustrated notes

Levels and vault maps discovered:
D:1:      saegor_arrival_simple_e, layout_loops_corners
D:2:      layout_loops_cross
D:3:      layout_rooms, serial_shops, shop, uniq_terence
D:4:      wad_lake_hut, layout_loops_ring, lemuel_crystal_altar,
          mainiacjoe_overflow_alcove_4, minmay_manual_mess, uniq_natasha,
          uniq_edmund, uniq_blork_the_orc
D:5:      nicolae_BIG_FREAKIN_CUBE, layout_cave_pools, amcnicky_altar_gilded,
          temple_fountains, abandoned_shop, uniq_ijyb, uniq_menkaure,
          uniq_sigmund

Skill      XL: |  1  2  3  4  5  6 |
---------------+-------------------+-----
Unarmed Combat | 4 5 6 7 |  7.3
Dodging        | 3 |  3.4
Fighting       | 3 |  3.4

Action                     |  1- 3 |  4- 6 |  7- 9 || total
---------------------------+-------+-------+-------++-------
  Melee: Unarmed           |   104 |    73 |    24 ||   201
         Punch             |     3 |     1 |       ||     4
 Invoke: Berserk           |       |     4 |     1 ||     5
    Use: Scroll            |       |     8 |       ||     8
         Potion            |       |     1 |     3 ||     4
   Stab: Sleeping          |     1 |       |       ||     1
 Armour: Animal skin       |    44 |    12 |     6 ||    62
  Dodge: Dodged            |    57 |    27 |    27 ||   111

Table legend: (Time is in decaauts)
 A = Elapsed time spent in this place.
 B = Non-inter-level travel time spent in this place.
 C = Inter-level travel time spent in this place.
 D = Time resting spent in this place.
 E = Time spent auto-exploring this place.
 F = Levels seen in this place.
 G = Mean time per level.
                   A        B        C        D        E       F      G
               +--------+--------+--------+--------+--------+-----+--------+
         Total |   2639 |   2535 |    104 |      0 |   1721 |   5 |  527.8 |
       Dungeon |   2639 |   2535 |    104 |      0 |   1721 |   5 |  527.8 |
               +--------+--------+--------+--------+--------+-----+--------+

Top non-repeatable levels by time:
     D:1: 874 daAuts
     D:2: 583 daAuts
     D:4: 579 daAuts
     D:3: 469 daAuts
     D:5: 132 daAuts
